[Event "45th FIDE Olympiad 2024"]
[Site "Budapest"]
[Date "2024.09.12"]
[Round "2.27"]
[White "Preotu, Razvan"]
[Black "Amar, Elham"]
[Result "1-0"]
[ECO "B92"]
[WhiteElo "2451"]
[BlackElo "2539"]
[Annotator "TA"]
[PlyCount "115"]
[EventDate "2024.09.05"]
[EventType "team-tourn"]
[EventCountry "HUN"]
[SourceTitle "playchess.com"]
[Source "ChessBase"]
[SourceQuality "1"]
[WhiteTeam "Canada"]
[BlackTeam "Norway"]
[WhiteTeamCountry "CAN"]
[BlackTeamCountry "NOR"]
[TimeControl "40/5400+30:1800+30"]

1. e4 c5 2. Nf3 d6 3. d4 cxd4 4. Nxd4 Nf6 5. Nc3 a6 6. Be2 e5 7. Nb3 Be7 8. O-O O-O 9. Qd3 Nbd7 {[%emt 0:09:29] B92: Sicilian Najdorf: 6 Be2.} 10. a4 b6 11. Be3 Bb7 12. Bf3 Rc8 13. Rfd1 Qc7 14. Nd2 Rfd8 15. Qe2 h6 16. Nf1 Bf8 17. h3 $146 ({Predecessor:} 17. Ng3 g6 18. Rd2 Nc5 19. Rad1 Re8 20. h4 Ne6 21. Bg4 Nxg4 22. Qxg4 Kh7 23. h5 {1-0 Hvenekilde,J-Degenhardt,N EU-chT 04th Group2 1967 (3.1)}) 17... Qb8 18. Ng3 Re8 19. Rd2 g6 20. h4 (20. Bg4 $14) 20... h5 $11 21. Bg5 Qc7 22. Qd1 Re6 (22... Nh7 $15) 23. Nf1 (23. Be2 $14) 23... Nh7 $11 24. Nd5 Bxd5 25. exd5 Ree8 26. Be3 f5 27. g3 Ndf6 ({Black should try} 27... Bg7 $15) 28. Ra3 Ng4 29. Bxg4 hxg4 30. Rb3 Rb8 31. Rdd3 Nf6 32. Rdc3 Qf7 33. Rc6 Qxd5 (33... b5 $11) 34. Qxd5+ $14 Nxd5 35. c4 Nf6 36. Rbxb6 Nd7 $1 37. Rxa6 Rxb2 38. Ra7 Nf6 39. c5 Rc2 ({Black should play} 39... Ne4 $14) 40. Raa6 $16 f4 (40... Kf7 $16) 41. gxf4 $18 (41. cxd6 Rxc6 42. Rxc6 fxe3 43. Nxe3 Kf7 $17) 41... exf4 42. Bxf4 Nd5 43. Bd2 $1 ({And not} 43. cxd6 Rxc6 44. Rxc6 Nxf4 $15) ({Worse is} 43. Bxd6 Nb4 $11) 43... Rxc5 44. Rxc5 dxc5 45. Rxg6+ Kh7 46. Rxg4 Ra8 47. Ng3 Be7 (47... Bh6 $142) 48. Nf5 Bf8 49. h5 Nb4 (49... Rc8 $142 50. Kf1 Nf6) 50. Rg6 (50. Re4 $18) 50... Nd5 (50... Rxa4 $16 {keeps fighting.} 51. Kg2 Nd5) 51. Rc6 $1 $18 Rxa4 {[%emt 0:00:43] [#]} 52. Rc8 $1 Bg7 (52... Rg4+ {was called for.} 53. Kh2 Be7 54. Nxe7 Nxe7 55. Rxc5 (55. Rc7 Rg7 $18) 55... Rd4) 53. Rxc5 $18 Rg4+ $2 (53... Nf6 54. Rc7 Nxh5) 54. Kf1 $18 Nf6 55. f3 Ra4 56. Rc7 Nxh5 {[%emt 0:00:32] [#]} 57. Nxg7 $1 Ra1+ 58. Kf2 1-0

[Event "45th FIDE Olympiad 2024"]
[Site "Budapest"]
[Date "2024.09.12"]
[Round "2.27"]
[White "Momin, Fayzan"]
[Black "Al Qassabi, Mohammed"]
[Result "1-0"]
[ECO "C87"]
[WhiteElo "2064"]
[BlackElo "1521"]
[Annotator "NA"]
[PlyCount "67"]
[EventDate "2024.09.05"]
[EventType "team-tourn"]
[EventCountry "HUN"]
[SourceTitle "playchess.com"]
[Source "ChessBase"]
[SourceQuality "1"]
[WhiteTeam "Pakistan"]
[BlackTeam "Qatar"]
[WhiteTeamCountry "PAK"]
[BlackTeamCountry "QAT"]
[TimeControl "40/5400+30:1800+30"]

1. e4 e5 2. Nf3 Nc6 3. Bb5 a6 4. Ba4 Nf6 5. O-O Be7 6. Re1 d6 7. c3 O-O 8. h3 h6 9. d4 exd4 10. cxd4 b5 11. Bb3 Re8 12. Nbd2 Bf8 13. a3 Na5 14. Bc2 Be6 15. b3 c5 16. d5 Bd7 17. Bb2 Nb7 18. Nf1 b4 19. a4 Rc8 20. N3d2 Be7 21. Bd3 a5 22. Ng3 Nh7 23. Nc4 Bh4 24. Re3 Bf6 25. Bxf6 Nxf6 26. Ra2 Re7 27. f4 Qc7 28. Qf3 Rce8 29. Rae2 Kh8 30. Bc2 Kg8 31. e5 Nh7 32. exd6 Rxe3 33. dxc7 Rxf3 34. Rxe8+ 1-0

[Event "45th FIDE Olympiad 2024"]
[Site "Budapest"]
[Date "2024.09.12"]
[Round "2.28"]
[White "Urkedal, Frode Olav Olsen"]
[Black "Noritsyn, Nikolay"]
[Result "1-0"]
[ECO "D20"]
[WhiteElo "2546"]
[BlackElo "2451"]
[Annotator "TA"]
[PlyCount "87"]
[EventDate "2024.09.05"]
[EventType "team-tourn"]
[EventCountry "HUN"]
[SourceTitle "playchess.com"]
[Source "ChessBase"]
[SourceQuality "1"]
[WhiteTeam "Norway"]
[BlackTeam "Canada"]
[WhiteTeamCountry "NOR"]
[BlackTeamCountry "CAN"]
[TimeControl "40/5400+30:1800+30"]

1. d4 d5 2. c4 dxc4 3. e4 e5 4. Nf3 Bb4+ 5. Nc3 exd4 6. Qxd4 Qxd4 7. Nxd4 Nf6 8. f3 Bc5 9. Ndb5 Na6 10. Bf4 Be6 ({Better is} 10... c6 $1 $11 11. Nd6+ Bxd6 (11... Ke7 12. O-O-O $14) 12. Bxd6 Be6) 11. Bxc7 $14 Ke7 12. O-O-O Nxc7 13. Nxc7 Rac8 14. Nxe6 fxe6 15. Kc2 Be3 16. g3 Rhf8 17. Bh3 Nd7 18. f4 g5 $2 {[%emt 0:00:46] [#] This costs Black the game.} (18... Nc5 $11 {and Black stays safe.}) 19. Bxe6 $1 $18 Kxe6 20. f5+ Ke7 {[%emt 0:00:40] Threatens to win with ...Nb6.} 21. Nd5+ Kf7 22. Nxe3 Ne5 23. Rd6 Rfe8 24. h4 g4 25. h5 b5 26. Rhd1 Nd3 27. Rd7+ Kf8 $2 (27... Re7 28. Rxe7+ Kxe7) 28. Rxh7 (28. Rxa7 Rxe4 29. Nd5 (29. Rxh7 $2 Kg8 $19) 29... Re2+ 30. Rd2 Re1 $11) 28... Kg8 {[%emt 0:00:16] Repels Nxg4} 29. Rxa7 (29. Rh6 Rxe4 30. Rg6+ Kh8 31. Nxg4 Re2+ 32. Rd2 Re1 $14 (32... Rxd2+ $2 33. Kxd2 Rd8 34. Rh6+ Kg8 35. Ke3 $18)) 29... Rxe4 30. Nd5 {[%emt 0:00:11] Strongly threatening Nf6+.} Re2+ 31. Rd2 Re1 (31... Ne1+ {keeps fighting.} 32. Kc3 (32. Kd1 Rxd2+ 33. Kxd2 Rd8 $18) 32... b4+ 33. Kxb4 Rxd2 34. Ne7+ Kh7 35. Nxc8+ Kh6 36. Ra6+ (36. Kxc4 Rc2+ 37. Kd5 Rxc8 $16) 36... Kxh5) 32. Rh2 {[%emt 0:05:34] And now h6 would win.} Rd8 {[%emt 0:11:28] [#]} 33. h6 $1 {[%emt 0:00:39] aiming for Nf6+.} Kh8 ({Weaker is} 33... Rxd5 34. h7+ Kh8 35. Ra8+) (33... Rc1+ 34. Kd2 Rb1 (34... Rxd5 35. h7+ Kh8 36. Ra8+) 35. Nf6+ Kf8 36. Ke3 (36. Nxg4 Nf2+ 37. Kc2 Rdd1 $18) 36... Re1+ 37. Re2) 34. Nf6 Nb4+ 35. Kc3 Nd5+ 36. Nxd5 Rxd5 {[%emt 0:00:03][%mdl 4096] Endgame. KRR-KRR} 37. f6 Rd8 {[%emt 0:03:41] Repels Ra8} 38. Kb4 Rf1 39. Rf7 Rc8 40. Re2 {[%emt 0:01:34][%cal Oe2e7] Intending Ree7! and mate.} Rh1 41. Rfe7 {[%emt 0:30:31] Re8+ would kill now.} Rf8 42. Re8 {[%emt 0:00:06] White mates.} Kg8 43. R2e7 Rxe8 44. f7+ {[%emt 0:00:06] Weighted Error Value: White=0.10 (very precise) /Black=0.46.  Loses game:     	---       	Black=1      Mistake:       	---       	Black=3      Inaccurate:     	White=2     	---        OK:         	White=18    	Black=11     Best:        	White=3     	Black=4      Brilliant:      	White=1     	---} 1-0

[Event "45th FIDE Olympiad 2024"]
[Site "Budapest"]
[Date "2024.09.12"]
[Round "2.28"]
[White "Al-Kuwari, Turki"]
[Black "Mudasir, Iqbal"]
[Result "0-1"]
[ECO "B31"]
[WhiteElo "1577"]
[BlackElo "2055"]
[Annotator "NA"]
[PlyCount "40"]
[EventDate "2024.09.05"]
[EventType "team-tourn"]
[EventCountry "HUN"]
[SourceTitle "playchess.com"]
[Source "ChessBase"]
[SourceQuality "1"]
[WhiteTeam "Qatar"]
[BlackTeam "Pakistan"]
[WhiteTeamCountry "QAT"]
[BlackTeamCountry "PAK"]
[TimeControl "40/5400+30:1800+30"]

1. e4 c5 2. Nf3 Nc6 3. Bb5 g6 4. O-O Bg7 5. c3 e5 6. d4 exd4 7. cxd4 Nxd4 8. Nxd4 Bxd4 9. Nc3 Ne7 10. Bg5 h6 11. Bh4 O-O 12. Qd2 g5 13. Bg3 d5 14. h4 a6 15. Bd3 dxe4 16. Bxe4 f5 17. Bc2 f4 18. Bb3+ Kg7 19. Bh2 Nf5 20. Ne2 Bxf2+ 0-1

[Event "45th FIDE Olympiad 2024"]
[Site "Budapest"]
[Date "2024.09.12"]
[Round "2.29"]
[White "Kollars, Dmitrij"]
[Black "Quizon, Daniel"]
[Result "0-1"]
[ECO "B66"]
[WhiteElo "2659"]
[BlackElo "2490"]
[Annotator "TA"]
[PlyCount "108"]
[EventDate "2024.09.05"]
[EventType "team-tourn"]
[EventCountry "HUN"]
[SourceTitle "playchess.com"]
[Source "ChessBase"]
[SourceQuality "1"]
[WhiteTeam "Germany"]
[BlackTeam "Philippines"]
[WhiteTeamCountry "GER"]
[BlackTeamCountry "PHI"]
[TimeControl "40/5400+30:1800+30"]

1. e4 c5 2. Nf3 d6 3. d4 cxd4 4. Nxd4 Nf6 5. Nc3 Nc6 6. Bg5 e6 7. Qd2 a6 8. Nxc6 bxc6 9. O-O-O {[%emt 0:00:13][%cal Oe4e5] aiming for e5!} Be7 10. Bxf6 {[%emt 0:01:01] White is slightly better.} gxf6 11. Bc4 Qa5 12. f4 Rb8 13. Bb3 Bd7 14. Kb1 h5 15. Rhe1 c5 16. f5 Rb4 (16... Qb6 $16) 17. fxe6 (17. Qd3 $18) 17... fxe6 $16 18. a3 Rd4 19. Qe3 Qb6 20. Ne2 Rxd1+ 21. Rxd1 Qb5 22. Nc3 Qb7 23. Bc4 Kf7 24. Qe2 a5 {[%emt 0:00:54] [#]} 25. Nd5 $1 Qb8 26. Ne3 Kf8 27. Qf3 Ke8 {[%emt 0:04:21] [#]} 28. a4 $1 Qb7 (28... Qc8 29. Qh3) 29. Rd3 f5 {[%emt 0:03:44] [#]} 30. exf5 (30. Rb3 $1 $18 fxe4 31. Qg3 (31. Rxb7 exf3 32. gxf3 d5 $15)) 30... Qxf3 $14 31. gxf3 exf5 32. Bb5 Kd8 $1 33. Bxd7 Kxd7 34. Nxf5 {[%emt 0:00:06][%mdl 4096] Endgame. KRB-KRN} Rg8 35. Ne3 Rg1+ 36. Ka2 Rh1 37. Rd2 (37. c3 $11 {keeps the balance.}) 37... Bg5 $17 38. Re2 Bxe3 39. Rxe3 Rxh2 {[%emt 0:00:02] KR-KR} 40. Kb3 Rf2 {[%emt 0:00:24] Hoping for ...h4.} 41. c3 $2 (41. Re4) 41... h4 $19 42. Re4 h3 (42... Rxf3 43. Rxh4 Kc7 44. Rh7+ Kb6 45. Rd7 $11) 43. Rh4 h2 {[%emt 0:11:08][%cal Od6d5] Threatens to win with ...d5!} (43... Rxf3 44. Rh7+ Kc6 45. Rh6 $17) 44. Kc4 Rxb2 ({Inferior is} 44... Rxf3 45. Rxh2 Kc6 46. Rh8 $11) 45. Rh6 Kc6 46. f4 Ra2 47. Kb3 (47. Kd3) 47... Rf2 {[%emt 0:00:20][%cal Oc6d5] And now ...Kd5! would win.} 48. f5 (48. Kc4 $142 Rxf4+ 49. Kd3 Rf3+ (49... Rxa4 $2 50. Rxh2 d5 51. Rh6+ Kb5 52. Rh5 $19) 50. Kd2 Rf2+ 51. Kd3) 48... Kd5 $1 ({Not} 48... Rxf5 49. Rxh2 Rf8 50. Rh7 $15) 49. c4+ Kd4 50. Rh4+ Ke5 {[%emt 0:00:30] Black mates.} 51. Rh5 Kf4 (51... Rxf5 52. Rxh2 Rf3+ 53. Kb2 $17) 52. f6 Kg3 53. Rg5+ Kh4 54. Rg6 Kh5 {[%emt 0:00:07] Black used his chance.   Weighted Error Value: White=0.51/Black=0.07 (flawless) .  Mistake:       	White=6     	Black=1      Inaccurate:     	White=2     	---        OK:         	White=21    	Black=18     Best:        	---       	Black=4      Strong:       	---       	Black=2} (54... h1=B 55. Rh6+ Kg5 56. Rxh1 $17) 0-1

[Event "45th FIDE Olympiad 2024"]
[Site "Budapest"]
[Date "2024.09.12"]
[Round "2.29"]
[White "Misambo, .J. Kilasa"]
[Black "Kao, Jamison Edrich"]
[Result "0-1"]
[ECO "E90"]
[WhiteElo "1959"]
[BlackElo "2125"]
[Annotator "NA"]
[PlyCount "100"]
[EventDate "2024.09.05"]
[EventType "team-tourn"]
[EventCountry "HUN"]
[SourceTitle "playchess.com"]
[Source "ChessBase"]
[SourceQuality "1"]
[WhiteTeam "Tanzania"]
[BlackTeam "Hong Kong, China"]
[WhiteTeamCountry "TAN"]
[TimeControl "40/5400+30:1800+30"]

1. d4 Nf6 2. c4 g6 3. Nf3 Bg7 4. Nc3 O-O 5. e4 d6 6. h3 e5 7. d5 a5 8. Be3 Na6 9. Bd3 c6 10. Qd2 cxd5 11. cxd5 Nc5 12. Bxc5 dxc5 13. Qe3 Qe7 14. Bc4 Bd7 15. a4 Ne8 16. g4 Nd6 17. Be2 Rac8 18. Nd2 c4 19. Qb6 f5 20. gxf5 gxf5 21. O-O-O fxe4 22. Ndxe4 Nxe4 23. Nxe4 Bxa4 24. Rdg1 c3 25. Nxc3 Qb4 26. Qe3 Qd4 27. Kb1 Bb3 28. Rg4 Rf4 29. Rhg1 Rxg4 30. Rxg4 Qxe3 31. fxe3 e4 32. Nxe4 h5 33. Nf6+ Kh8 34. Nxh5 Rc2 35. Nxg7 Rxe2 36. Kc1 Rc2+ 37. Kb1 Re2 38. Kc1 Bxd5 39. Nf5 Bb3 40. Rg3 Rc2+ 41. Kb1 Rf2 42. Kc1 Rxf5 43. e4 Rc5+ 44. Kd2 Rc2+ 45. Kd3 a4 46. Kd4 Rxb2 47. Ke5 a3 48. Rd3 a2 49. Rd8+ Kg7 50. Ra8 Rb1 0-1

[Event "45th FIDE Olympiad 2024"]
[Site "Budapest"]
[Date "2024.09.12"]
[Round "2.30"]
[White "Bersamina, Paulo"]
[Black "Bluebaum, Matthias"]
[Result "0-1"]
[ECO "B12"]
[WhiteElo "2425"]
[BlackElo "2640"]
[Annotator "TA"]
[PlyCount "118"]
[EventDate "2024.09.05"]
[EventType "team-tourn"]
[EventCountry "HUN"]
[SourceTitle "playchess.com"]
[Source "ChessBase"]
[SourceQuality "1"]
[WhiteTeam "Philippines"]
[BlackTeam "Germany"]
[WhiteTeamCountry "PHI"]
[BlackTeamCountry "GER"]
[TimeControl "40/5400+30:1800+30"]

1. e4 c6 2. d4 d5 3. e5 Bf5 4. h4 h5 5. Bd3 Bxd3 6. Qxd3 {[%emt 0:00:05] B12: Caro-Kann: Advance Variation.} Qa5+ 7. b4 Qa6 8. e6 Qxd3 9. cxd3 fxe6 10. Nd2 Nh6 11. Ndf3 Nf5 12. Ne2 g6 13. Nf4 a5 $146 ({Predecessor:} 13... Bg7 14. Nxe6 Na6 15. Rb1 Bf6 16. Be3 Rc8 17. Nc5 Nxc5 18. bxc5 Nxe3 19. fxe3 Rb8 {½-½ Edouard,R (2527)-Decuigniere,T (2396) FRA-chT Top 16 GpA 2023 (6.28)}) 14. Nxe6 Kd7 $1 15. Nxf8+ Rxf8 16. bxa5 Rxa5 17. O-O (17. a4 $11) 17... Ra4 $1 $15 18. Ne5+ Kc8 19. Nxg6 (19. Bg5 $142) 19... Rg8 $17 20. Nf4 Nxd4 21. f3 Nb3 (21... Nd7 $19 {is more deadly.} 22. Bd2 Nf5) 22. axb3 $17 Rxa1 23. Nxh5 Na6 24. d4 Nb4 25. Nf4 Nc2 26. Ne2 Rb1 (26... Ra2 $17 27. Nc3 Ra1) 27. h5 Rxb3 28. Kf2 c5 29. Nf4 (29. dxc5 $11 e5 30. h6) 29... Rh8 ({Don't take} 29... cxd4 30. Rh1 $17) (29... Nxd4 $142 {Strongly threatening ...Rh8.} 30. Nxd5 Kd7) 30. dxc5 $17 e5 31. Nxd5 Rxh5 32. Nf6 Rh8 33. g4 $2 ({White should play} 33. Bg5 $15) 33... Nd4 34. Kg2 Rc3 35. Ne4 Rc2+ 36. Bd2 Nb3 37. Rf2 Nxc5 38. Bc3 (38. Nxc5 $142 Rxc5 39. Bg5) 38... Rxf2+ $19 39. Nxf2 Re8 40. Kg3 Kd7 41. g5 Ke6 42. f4 exf4+ 43. Kg4 Rc8 44. Bd4 f3 45. Kxf3 Kf5 46. Be3 b5 47. Bd2 Rd8 48. Bc3 $2 (48. Ba5 Re8 49. Nd1) 48... Ne6 $19 49. g6 Kxg6 50. Ke4 Nc5+ 51. Ke3 Kf5 52. Bb4 Ne6 53. Nd3 Rg8 54. Bd6 Rh8 55. Bb4 Rh3+ 56. Kd2 Rf3 (56... Nf4 $142 57. Nc5 Nd5) 57. Ne1 Rh3 (57... Rb3 $142 58. Nc2 Rh3) 58. Nd3 $1 $19 Nf4 59. Nc5 Rh2+ (59... Nd5 $142 60. Ba5 b4) 0-1

[Event "45th FIDE Olympiad 2024"]
[Site "Budapest"]
[Date "2024.09.12"]
[Round "2.30"]
[White "Chan, Pui Yin Brandon"]
[Black "Veer, Gandhi"]
[Result "1-0"]
[ECO "D36"]
[WhiteElo "2016"]
[BlackElo "1792"]
[Annotator "NA"]
[PlyCount "83"]
[EventDate "2024.09.05"]
[EventType "team-tourn"]
[EventCountry "HUN"]
[SourceTitle "playchess.com"]
[Source "ChessBase"]
[SourceQuality "1"]
[WhiteTeam "Hong Kong, China"]
[BlackTeam "Tanzania"]
[BlackTeamCountry "TAN"]
[TimeControl "40/5400+30:1800+30"]

1. d4 d5 2. c4 e6 3. Nc3 Nf6 4. Bg5 Be7 5. cxd5 exd5 6. e3 c6 7. Bd3 h6 8. Bh4 O-O 9. Nge2 Re8 10. Qc2 Nbd7 11. O-O Nf8 12. Rad1 Bg4 13. f3 Be6 14. h3 Nh5 15. Bxe7 Qxe7 16. e4 dxe4 17. fxe4 Rad8 18. e5 g6 19. Ne4 Bd5 20. Nd6 Rxd6 21. exd6 Qxd6 22. Nc3 Be6 23. Qf2 Rd8 24. Bc2 Ng3 25. Rfe1 h5 26. a3 Bf5 27. Bxf5 Nxf5 28. d5 cxd5 29. Rxd5 Qb8 30. Rxd8 Qxd8 31. Qxa7 Ne6 32. Qf2 Qg5 33. Ne4 Qd8 34. Nc5 Ng5 35. Ne4 Ne6 36. Rf1 Qd3 37. Nf6+ Kf8 38. Nxh5 Ned4 39. Nf4 Qb5 40. g4 Ng3 41. Qxg3 g5 42. Qe3 1-0

[Event "45th FIDE Olympiad 2024"]
[Site "Budapest"]
[Date "2024.09.12"]
[Round "2.31"]
[White "Donchenko, Alexander"]
[Black "Gomez, John Paul"]
[Result "1-0"]
[ECO "A16"]
[WhiteElo "2638"]
[BlackElo "2408"]
[Annotator "TA"]
[PlyCount "43"]
[EventDate "2024.09.05"]
[EventType "team-tourn"]
[EventCountry "HUN"]
[SourceTitle "playchess.com"]
[Source "ChessBase"]
[SourceQuality "1"]
[WhiteTeam "Germany"]
[BlackTeam "Philippines"]
[WhiteTeamCountry "GER"]
[BlackTeamCountry "PHI"]
[TimeControl "40/5400+30:1800+30"]

1. c4 Nf6 2. Nf3 g6 3. Nc3 d5 4. cxd5 Nxd5 5. h4 Nxc3 6. bxc3 h5 7. e4 Bg7 8. Be2 {[%emt 0:04:03] White is slightly better.} c5 9. O-O Nc6 10. Rb1 O-O 11. Qa4 Qc7 12. Rd1 Bg4 13. d4 a6 14. dxc5 Bxc3 15. Qb3 Bxf3 16. Bxf3 Bd4 17. Bh6 (17. Qxb7 {simplifies} Qxb7 18. Rxb7 Bxc5 19. Bg5) 17... Rfc8 18. e5 $132 {[%emt 0:06:07][%mdl 2048] White is fighting back} Bxe5 (18... Qxe5 $5 19. Qxb7 Qf5 $11) 19. Qxb7 Nd4 20. Be3 {[%emt 0:06:26] This pair of bishops is nice.} ({Not} 20. Qxa8 Rxa8 (20... Qxc5 $2 {too greedy.} 21. Qe4 $18) 21. Bxa8 Ne2+ (21... Qxc5 $2 22. Re1 $19) 22. Kf1 Nc3 $19) 20... Qxc5 {[%emt 0:02:43][%mdl 8192] [#]} ({Black should try} 20... Rab8 $14 21. Qxc7 Nxf3+ 22. gxf3 Bxc7) 21. Rbc1 $18 Nxf3+ 22. gxf3 {[%emt 0:00:15] Weighted Error Value: White=0.09 (flawless) /Black=0.43.  Loses game:     	---       	Black=1      Inaccurate:     	White=1     	Black=1      OK:         	White=7     	Black=8} 1-0

[Event "45th FIDE Olympiad 2024"]
[Site "Budapest"]
[Date "2024.09.12"]
[Round "2.31"]
[White "Lusako, Shedrack"]
[Black "Chan, Wang Ip Boris"]
[Result "1/2-1/2"]
[ECO "B50"]
[WhiteElo "1760"]
[BlackElo "2017"]
[Annotator "NA"]
[PlyCount "88"]
[EventDate "2024.09.05"]
[EventType "team-tourn"]
[EventCountry "HUN"]
[SourceTitle "playchess.com"]
[Source "ChessBase"]
[SourceQuality "1"]
[WhiteTeam "Tanzania"]
[BlackTeam "Hong Kong, China"]
[WhiteTeamCountry "TAN"]
[TimeControl "40/5400+30:1800+30"]

1. e4 c5 2. Nf3 d6 3. Bc4 Nf6 4. Nc3 e6 5. O-O a6 6. a4 Qc7 7. d3 Be7 8. Bf4 Nc6 9. h3 O-O 10. Re1 Nd7 11. Qe2 Bf6 12. Nd1 Nde5 13. Nxe5 Nxe5 14. Bxe5 Bxe5 15. c3 Bd7 16. Ne3 b5 17. axb5 axb5 18. Bb3 g6 19. Ng4 Bg7 20. Qf3 Bc6 21. Qf4 h5 22. Nf6+ Kh8 23. g4 hxg4 24. hxg4 Bxf6 25. Qxf6+ Kg8 26. Kg2 Qd8 27. Qf4 g5 28. Rxa8 Bxa8 29. Qe3 Kg7 30. Rh1 Rh8 31. Rxh8 Kxh8 32. Kg3 Qf6 33. f4 gxf4+ 34. Qxf4 Qe5 35. Qxe5+ dxe5 36. c4 b4 37. Ba4 Kg7 38. g5 Kg6 39. Kg4 Bb7 40. Bd7 Ba6 41. Be8 Bc8 42. Kh4 Bb7 43. Kg3 Bc8 44. Kg4 Bb7 1/2-1/2

[Event "45th FIDE Olympiad 2024"]
[Site "Budapest"]
[Date "2024.09.12"]
[Round "2.32"]
[White "Garcia, Jan Emmanuel"]
[Black "Svane, Frederik"]
[Result "0-1"]
[ECO "E11"]
[WhiteElo "2380"]
[BlackElo "2640"]
[Annotator "RC"]
[PlyCount "206"]
[EventDate "2024.09.05"]
[EventType "team-tourn"]
[EventCountry "HUN"]
[SourceTitle "playchess.com"]
[Source "ChessBase"]
[SourceQuality "1"]
[WhiteTeam "Philippines"]
[BlackTeam "Germany"]
[WhiteTeamCountry "PHI"]
[BlackTeamCountry "GER"]
[TimeControl "40/5400+30:1800+30"]

1. Nf3 Nf6 2. c4 e6 3. g3 d5 4. d4 Bb4+ 5. Bd2 Be7 6. Bg2 O-O 7. O-O c6 8. Qc2 Nbd7 9. Rd1 h6 10. Bf4 a5 11. b3 b6 12. Ne5 Nxe5 13. dxe5 Nd7 14. cxd5 cxd5 15. e4 d4 16. Rxd4 Bc5 17. Rd1 Ba6 18. Nc3 g5 19. Bc1 Rc8 20. Bb2 Qe7 21. Bf1 Bxf1 22. Kxf1 Nxe5 23. Qe2 Ba3 24. Bxa3 Qxa3 25. Nb5 Qc5 26. Na7 Rcd8 27. Rac1 Rxd1+ 28. Qxd1 Qb4 29. Qe2 Rd8 30. Nc6 Nxc6 31. Rxc6 Rd2 32. Rc8+ Kg7 33. Qf3 Qb5+ 34. Kg2 Rd3 35. Qg4 Rd2 36. Qf3 Rd3 37. Qg4 Qe5 38. Qe2 Qd4 39. Rc4 Rd2 40. Rxd4 Rxe2 41. Rd6 b5 42. Ra6 Rxa2 43. b4 Ra4 44. bxa5 Rxe4 45. Rb6 Rb4 46. a6 Ra4 47. Rxb5 Rxa6 48. Rb4 h5 49. h4 g4 50. Rb5 Kg6 51. Rg5+ Kh6 52. Rg8 Ra5 53. Rh8+ Kg7 54. Re8 Rd5 55. Ra8 Kf6 56. Rg8 Rf5 57. Kf1 Re5 58. Kg2 Rd5 59. Kf1 Kf5 60. Ra8 Ke4 61. Ra7 f5 62. Ra1 Rd2 63. Kg2 e5 64. Ra4+ Rd4 65. Ra8 Rc4 66. Rd8 Rc1 67. Re8 Rc5 68. Rh8 f4 69. gxf4 exf4 70. Re8+ Kd4 71. Rd8+ Rd5 72. Rf8 Ke4 73. Re8+ Kd3 74. Rf8 Rd4 75. Ra8 Rd5 76. Rf8 Ke4 77. Re8+ Re5 78. Rf8 Ra5 79. Re8+ Kf5 80. Rf8+ Ke5 81. Re8+ Kd5 82. Rd8+ Ke6 83. Re8+ Kf7 84. Rb8 Kg6 85. Rb6+ Kf5 86. Rb8 f3+ 87. Kg3 Ra1 88. Rb5+ Ke4 89. Rb4+ Kd3 90. Rb3+ Kc4 91. Rb8 Rh1 92. Ra8 Rh3+ 93. Kf4 Rxh4 94. Ra5 Rh2 95. Ke3 Rh1 96. Kf4 Kd3 97. Re5 Rh2 98. Re3+ Kd4 99. Re4+ Kd5 100. Re5+ Kd6 101. Ra5 Rxf2 102. Rxh5 Rg2 103. Rf5 f2 0-1

[Event "45th FIDE Olympiad 2024"]
[Site "Budapest"]
[Date "2024.09.12"]
[Round "2.32"]
[White "Li, Yiheng"]
[Black "Henry, Marwa Michael"]
[Result "1-0"]
[ECO "C53"]
[WhiteElo "1893"]
[BlackElo "1715"]
[Annotator "NA"]
[PlyCount "61"]
[EventDate "2024.09.05"]
[EventType "team-tourn"]
[EventCountry "HUN"]
[SourceTitle "playchess.com"]
[Source "ChessBase"]
[SourceQuality "1"]
[WhiteTeam "Hong Kong, China"]
[BlackTeam "Tanzania"]
[BlackTeamCountry "TAN"]
[TimeControl "40/5400+30:1800+30"]

1. e4 e5 2. Nf3 Nc6 3. Bc4 Bc5 4. c3 d6 5. d4 Bb6 6. dxe5 Na5 7. Bb5+ c6 8. Be2 d5 9. b4 Nc4 10. Bxc4 dxc4 11. Qxd8+ Bxd8 12. Nbd2 b5 13. Nd4 Ne7 14. f4 Bb6 15. a4 Bxd4 16. cxd4 f5 17. exf6 gxf6 18. f5 Bd7 19. a5 Rg8 20. Rg1 Rg4 21. h3 Rg3 22. Nf3 Kf7 23. Bf4 Rg7 24. g4 Re8 25. Kf2 h5 26. g5 Nxf5 27. exf5 Bxf5 28. gxf6 Rxg1 29. Rxg1 Rg8 30. Ne5+ Kf8 31. Bh6+ 1-0